 Dungeon Crawl Stone Soup version 0.30-a0-1016-gfb0d676c02 (webtiles) character file.

Game seed: 4038744404687074206

3087 kae the Changer (level 9, -3/64 (70) HPs)
             Began as a Demonspawn Transmuter on Apr 6, 2023.
             Killed by divine providence
             ... invoked by an orc priest
              (12 damage)
             ... on level 8 of the Dungeon.
             The game lasted 00:07:32 (6646 turns).

kae the Changer (Demonspawn Transmuter)             Turns: 6646, Time: 00:07:32

HP:   -3/64 (70)    AC:  8    Str: 10    XL:     9   Next: 59%
MP:   13/16         EV: 10    Int: 19    God:
Gold: 1403          SH:  4    Dex: 20    Spells: 8/18 levels left

rFire   x . .      SeeInvis .      - Unarmed
rCold   + + +      Faith    .    (shield currently unavailable)
rNeg    . . .      Spirit   .    a - melded +0 robe
rPois   +          Reflect  .    (helmet currently unavailable)
rElec   .          Rampage  .    (cloak currently unavailable)
rCorr   .                        (gloves currently unavailable)
Will    .....                    (boots currently unavailable)
Stlth   ++                       g - amulet of regeneration
HPRegen 1.10/turn                D - +6 ring of dexterity
MPRegen 0.15/turn                P - ring of poison resistance

@: ice-form, wereblooded, drained
A: freezing attack, amphibious, boosted hp, large, (antennae 1), condensation
shield, (weakness stinger 2), (demonic touch 1)
a: End Transformation


You were on level 8 of the Dungeon.
You were a creature of crystalline ice.
You visited 1 branch of the dungeon, and saw 8 of its levels.

You collected 1425 gold pieces.
You spent 22 gold pieces at shops.


Innate Abilities, Weirdness & Mutations

You are a creature of crystalline ice.
You have a powerful freezing melee attack.
You are amphibious.
Your maximum health is increased.
Your armour is entirely melded.
You are incapable of wielding weapons or throwing items.
((You have a pair of small antennae on your head.))
A meltable shield of frost defends you. (SH +4)
((You have a tail ending in a sharp stinger.))
((Your touch may inflict minor irresistible damage on your foes.))


   Skills:
 - Level 1.0 Fighting
 - Level 1.7 Dodging
 * Level 7.3 Unarmed Combat
 - Level 5.0 Spellcasting
 + Level 7.4 Transmutations
 - Level 5.0 Ice Magic
 - Level 2.0 Poison Magic


You had 8 spell levels left.
You knew the following spells:

 Your Spells              Type           Power      Damage    Failure   Level
a - Beastly Appendage     Tmut           66%        N/A       1%          1
b - Wereblood             Tmut           33%        N/A       1%          2
c - Spider Form           Tmut/Pois      22%        N/A       5%          3
d - Ice Form              Ice/Tmut       28%        N/A       10%         4

Your spell library contained the following spells:

 Spells                   Type           Power      Damage    Failure   Level


Inventory:

Missiles
 d - 86 stones
 j - 9 poisoned darts
 r - 5 boomerangs
Armour
 a - a +0 robe (melded)
Jewellery
 g - an amulet of regeneration (around neck)
   (You found it on level 5 of the Dungeon)
 D - a +6 ring of dexterity (left front paw)
   (You found it on level 2 of the Dungeon)
 P - a ring of poison resistance (right front paw)
   (You found it on level 2 of the Dungeon)
Wands
 c - a wand of paralysis (9)
   (You found it on level 2 of the Dungeon)
 i - a wand of flame (19)
   (You took it off Eustachio on level 5 of the Dungeon)
 n - a wand of quicksilver (9)
   (You found it on level 5 of the Dungeon)
 o - a wand of iceblast (32)
   (You found it on level 3 of the Dungeon)
Scrolls
 e - 2 scrolls of immolation {!r!r}
 h - 3 scrolls of magic mapping {!r}
 s - a scroll of enchant armour {unknown}
 t - a scroll of amnesia
 u - a scroll of teleportation {@r4}
 v - a scroll of identify {@r1}
Potions
 b - a potion of might
 f - 2 potions of haste {@q3}
 k - 2 potions of curing {@q1}
 l - 5 potions of degeneration {!q}
 m - a potion of flight
 p - a potion of heal wounds {@q2}
 q - a potion of lignification {!q}

Dungeon Overview and Level Annotations

Branches:
Dungeon (8/15) Zot: 26595  Temple (0/1) D:6
   Lair: D:8-11

Altars:
Dithmenos

Shops:
D:2 * D:6

= #.....##.####
#.....##.#
#........#
########)#######
#....).......
#..).........
#...)........
####.)..........
#....Y..........
#....o..........
#....)).........
#...............
#......########.
#......#
#......#
###......#
#........#######


You could see an orc priest.


Message History

😕 HP[+1]
You now have 60 max hp (+2).
The wight hits you with a +0 falchion. 😕 HP[-5] MP[+1]
You take 5 damage, and now have 54/60 hp.
You barely miss the wight.
The wight hits you with a +0 falchion. 😕 HP[-2]
You take 2 damage, and now have 52/60 hp.
You punch the wight! You freeze the wight.
The wight hits you but does no damage.
You punch the wight!
You feel a bit better.
You destroy the wight! 😕 HP[+5]
You now have 62 max hp (+2).
You regained 5 hp, and now have 57/62 hp.
You hit the wight. The wight hits you but does no damage.
You hit the wight.
The wight hits you with a +3 flail of freezing.
You feel drained. 😕 HP[-5]
You now have 60 max hp (-2).
You take 5 damage, and now have 52/60 hp.
You hit the wight.
You howl as the wereblood boils in your veins!
You hear a shout!
The wight closely misses you.
You hit the wight but do no damage.
The wight hits you with a +3 flail of freezing! 😕 HP[-5] MP[+1]
You take 5 damage, and now have 47/60 hp.
You barely miss the wight.
You howl as the wereblood boils in your veins!
The wight hits you with a +3 flail of freezing!
You feel drained. 😮 HP[-12]
You now have 57 max hp (-3).
You take 12 damage, and now have 35/57 hp.
MASSIVE DAMAGE!! (PAUSE)
You hit the wight but do no damage.
The wight hits you with a +3 flail of freezing. 😮 HP[-2]
You take 2 damage, and now have 33/57 hp.
You barely miss the wight. 😮 HP[+1] Unknown command.
You punch the wight!
You feel a bit better.
You destroy the wight! 😮 HP[+2]
You now have 60 max hp (+3).
You regained 2 hp, and now have 36/60 hp.
Unknown command.
The orc priest shouts! 😮 HP[+2]
You regained 2 hp, and now have 38/60 hp.
Unknown command.
The orc shouts!
You hit the orc warrior. You freeze the orc warrior.
You block the orc warrior's attack. 😮 HP[+1]
You hit the orc warrior. You freeze the orc warrior.
You howl as the wereblood boils in your veins!
The orc priest mumbles some strange prayers to Beogh against you.
Beogh smites you!
* * * LOW HITPOINT WARNING * * *
The orc warrior hits you with a +0 scimitar.
* * * LOW HITPOINT WARNING * * *
😨 HP[-20] MP[+1]
You take 20 damage, and now have 19/60 hp.
MASSIVE DAMAGE!! (PAUSE)
You punch the orc warrior! You freeze the orc warrior.
The orc warrior hits you with a +0 scimitar!
* * * LOW HITPOINT WARNING * * *
😱 HP[-11]
You take 11 damage, and now have 8/60 hp.
You punch the orc warrior! You freeze the orc warrior.
You feel a bit better.
You kill the orc warrior!
The orc priest begins to cast a cantrip, but forgets the words! 😱 HP[+3]
You now have 64 max hp (+4).
You regained 3 hp, and now have 11/64 hp.
Unknown command.
Things that are here:
a +0 scimitar; a +0 chain mail; an orc corpse 😱 HP[+2]
You regained 2 hp, and now have 13/64 hp.
You punch the orc! You freeze the orc.
You feel a bit better.
You kill the orc!
The orc priest invokes the aid of Beogh against you.
Beogh smites you!
* * * LOW HITPOINT WARNING * * *
😱 HP[-6]
You take 6 damage, and now have 7/64 hp.
The orc priest hits you but does no damage.
Things that are here:
a +0 flail; a +0 ring mail; an orc corpse 😱 HP[+1]
You barely miss the orc priest.
The orc priest mumbles some strange prayers to Beogh against you.
Beogh smites you!
You die...

Skill      XL: |  1  2  3  4  5  6  7  8  9 |
---------------+----------------------------+-----
Transmutations | 2 3 4 5 6 7 |  7.4
Unarmed Combat | 3 4 5 7 |  7.3
Poison Magic   | 1 2 |  2.0
Spellcasting   | 3 4 5 |  5.0
Ice Magic      | 1 3 5 |  5.0
Fighting       | |  1.0
Dodging        | |  1.7

Action                     |  1- 3 |  4- 6 |  7- 9 || total
---------------------------+-------+-------+-------++-------
  Melee: Unarmed           |    58 |   188 |   218 ||   464
         Kick              |    11 |    17 |       ||    28
         Headbutt          |     7 |     3 |       ||    10
         Punch             |     1 |     2 |       ||     3
         Touch             |     8 |     8 |       ||    16
         Tailslap          |       |    13 |       ||    13
   Cast: Beastly Appendage |    22 |    25 |     1 ||    48
         Spider Form       |       |    16 |     4 ||    20
         Wereblood         |       |     5 |    10 ||    15
         Ice Form          |       |       |    18 ||    18
    Use: Scroll            |       |     9 |     5 ||    14
         Potion            |       |     5 |     3 ||     8
   Stab: Sleeping          |       |       |     1 ||     1
 Armour: Robe              |     7 |     9 |       ||    16
         Skin              |       |    15 |    49 ||    64
  Dodge: Dodged            |    36 |   120 |   101 ||   257
  Block: Other             |       |       |    32 ||    32

Levels and vault maps discovered:
D:1:      lemuel_arrival_lava_pool, layout_loops_cross, st_stairs_12,
          item_on_display_a
D:2:      layout_basic, serial_shops, shop
D:3:      layout_basic
D:4:      layout_basic
D:5:      layout_cave_pools, uniq_eustachio
D:6:      layout_basic, lemuel_round_altar, minmay_temple_entry_trees,
          serial_shops, kennysheep_mini
D:7:      cheibrodos_quashed, layout_layer_cave
D:8:      layout_basic, trog_antimagical, serial_shops, nicolae_diamond_shop,
          uniq_prince_ribbit1

Notes
Turn   | Place    | Note
-------+----------+-------------------------------------------
     0 | D:1      | kae the Demonspawn Transmuter began the quest for the Orb.
     0 | D:1      | Reached XP level 1. HP: 15/15 MP: 3/3
     0 | D:1      | magus.rc [v1.11.3]
   106 | D:1      | Reached skill level 2 in Transmutations
   210 | D:1      | You feel monstrous as your demonic heritage exerts itself.
   210 | D:1      | Discovered your monstrous ancestry.
   210 | D:1      | Gained mutation: Your touch may inflict minor irresistible
                  | damage on your foes. [demonic ancestry]
   210 | D:1      | Reached XP level 2. HP: 16/21 MP: 3/5
   709 | D:2      | Reached skill level 3 in Unarmed Combat
   709 | D:2      | Reached XP level 3. HP: 22/26 MP: 3/6
   712 | D:2      | Learned a level 2 spell: Wereblood
   716 | D:2      | Learned a level 3 spell: Spider Form
   982 | D:2      | Reached skill level 1 in Poison Magic
   982 | D:2      | Gained mutation: You have a small tail. [demonic ancestry]
   982 | D:2      | Reached XP level 4. HP: 30/32 MP: 3/7
  1043 | D:2      | Found Raaschezxu's General Store.
  1046 | D:2      | Bought a scroll of identify for 22 gold pieces
  1088 | D:2      | Reached skill level 3 in Transmutations
  1753 | D:3      | HP: 6/32 [something (4)]
  1761 | D:3      | Gained mutation: You have a pair of small antennae on your
                  | head. [demonic ancestry]
  1761 | D:3      | Reached XP level 5. HP: 15/37 MP: 4/9
  1887 | D:3      | You fall into a shaft and drop 1 floor!
  2031 | D:3      | Reached skill level 2 in Poison Magic
  2467 | D:3      | HP: 8/37 [orc priest/+0 whip (4)]
  2469 | D:3      | Reached skill level 3 in Spellcasting
  2594 | D:3      | Identified the +4 whip "Paejuato" {drain, Fly rPois Will+
                  | Int-4}
  3104 | D:4      | Reached skill level 4 in Transmutations
  3104 | D:4      | Reached XP level 6. HP: 42/43 MP: 4/10
  3332 | D:4      | Learned a level 4 spell: Ice Form
  3554 | D:5      | Entered Level 5 of the Dungeon
  3880 | D:5      | Reached skill level 1 in Ice Magic
  3909 | D:5      | Noticed a yak
  3910 | D:5      | Noticed a yak
  3913 | D:5      | Noticed a yak
  3914 | D:5      | Noticed a yak
  3919 | D:5      | Reached skill level 4 in Unarmed Combat
  4235 | D:5      | Noticed Eustachio
  4292 | D:5      | Gained mutation: A meltable shield of frost defends you.
                  | (SH +4) [demonic ancestry]
  4292 | D:5      | Reached XP level 7. HP: 48/48 MP: 7/12
  4370 | D:5      | Killed Eustachio
  4371 | D:5      | Reached skill level 5 in Transmutations
  4371 | D:5      | Reached skill level 2 in Ice Magic
  4494 | D:5      | Killed a yak
  4502 | D:5      | HP: 10/57 [yak (11)]
  4503 | D:5      | Killed a yak
  4504 | D:5      | Reached skill level 4 in Spellcasting
  4504 | D:5      | Reached skill level 3 in Ice Magic
  4511 | D:5      | Killed a yak
  4512 | D:5      | Gained mutation: You have a tail ending in a sharp stinger.
                  | [demonic ancestry]
  4512 | D:5      | Reached XP level 8. HP: 48/54 MP: 7/14
  4943 | D:6      | Reached skill level 6 in Transmutations
  4943 | D:6      | Reached skill level 4 in Ice Magic
  4967 | D:6      | Reached skill level 5 in Unarmed Combat
  5023 | D:6      | Found a staircase to the Ecumenical Temple.
  5138 | D:6      | Reached skill level 5 in Ice Magic
  5138 | D:6      | Reached XP level 9. HP: 58/58 MP: 10/16
  5317 | D:6      | Found a shadowy altar of Dithmenos.
  5345 | D:6      | Found Wanel Quu's Jewellery Boutique.
  5541 | D:7      | Reached skill level 5 in Spellcasting
  5631 | D:7      | Reached skill level 7 in Transmutations
  6063 | D:7      | Reached skill level 6 in Unarmed Combat
  6236 | D:8      | Identified a scroll of acquirement
  6237 | D:8      | Acquired 1011 gold pieces
  6500 | D:8      | HP: 13/61 [wight/+3 war axe (10)]
  6500 | D:8      | HP: 1/61 [wight/+5 long sword (12)]
  6505 | D:8      | HP: 5/61 [wight/+0 hand axe (10)]
  6624 | D:8      | Reached skill level 7 in Unarmed Combat
  6641 | D:8      | HP: 8/60 [orc warrior/+0 scimitar (11)]
  6646 | D:8      | Killed from afar by an orc priest

Vanquished Creatures
  Eustachio (D:5)
  4 yaks (D:5)
  2 water moccasins (D:6)
  2 orc warriors
  A sky beast (D:7)
  An ogre (D:5)
  A centaur (D:8)
  A gnoll sergeant (D:7)
  17 wights
  A scorpion (D:5)
  A howler monkey (D:7)
  A hound (D:5)
  A jelly (D:7)
  4 orc priests
  An iguana (D:7)
  A sleepcap (D:5)
  5 orc wizards
  10 adders
  8 gnolls (D:7)
  A white imp (D:7)
  2 ufetubi
  3 worms
  3 dart slugs
  35 orcs
  6 endoplasms
  A giant cockroach (D:3)
  8 goblins
  10 hobgoblins
  8 jackals
  6 quokkas
  4 ball pythons
  5 frilled lizards (D:1)
  2 kobolds
  2 rats (D:1)
159 creatures vanquished.

Table legend:
 A = Non-vault XP
 B = Vault XP
 C = Vault XP percentage of total XP
 D = Non-vault monster count
 E = Vault monster count
 F = Vault count percentage of total count
                 A         B        C        D         E       F
            +---------+---------+-------+---------+---------+-------
      Total |    4207 |     203 |   4.6 |     157 |       2 |   1.3
            +---------+---------+-------+---------+---------+-------
        D:1 |      29 |       1 |   3.3 |      19 |       1 |   5.0
        D:2 |     122 |       0 |   0.0 |      20 |       0 |   0.0
        D:3 |     157 |       0 |   0.0 |      24 |       0 |   0.0
        D:4 |     106 |       0 |   0.0 |      15 |       0 |   0.0
        D:5 |    1292 |     202 |  13.5 |      25 |       1 |   3.8
        D:6 |     975 |       0 |   0.0 |      16 |       0 |   0.0
        D:7 |     675 |       0 |   0.0 |      25 |       0 |   0.0
        D:8 |     851 |       0 |   0.0 |      13 |       0 |   0.0
            +---------+---------+-------+---------+---------+-------

Illustrated notes

Table legend:
 A = Kills in this place as a percentage of kills in the entire game.
 B = Kills by you in this place as a percentage of kills by you in the entire game.
 C = Kills by friends in this place as a percentage of kills by friends in the entire game.
 D = Other kills in this place as a percentage of other kills in the entire game.
 E = Experience gained in this place as a percentage of experience gained in the entire game.
 F = Experience gained in this place divided by the number of levels of this place that you have seen.
                   A       B       C       D       E      F
               +-------+-------+-------+-------+-------+----------------------
         Total | 100.0 | 100.0 |   N/A |   N/A | 100.0 | 551.2
       Dungeon | 100.0 | 100.0 |   N/A |   N/A | 100.0 | 551.2
               +-------+-------+-------+-------+-------+----------------------

Table legend: (Time is in decaauts)
 A = Elapsed time spent in this place.
 B = Non-inter-level travel time spent in this place.
 C = Inter-level travel time spent in this place.
 D = Time resting spent in this place.
 E = Time spent auto-exploring this place.
 F = Levels seen in this place.
 G = Mean time per level.
                   A        B        C        D        E       F      G
               +--------+--------+--------+--------+--------+-----+--------+
         Total |   6608 |   6425 |    183 |    337 |   4828 |   8 |  826.0 |
       Dungeon |   6608 |   6425 |    183 |    337 |   4828 |   8 |  826.0 |
               +--------+--------+--------+--------+--------+-----+--------+

Top non-repeatable levels by time:
     D:3: 1054 daAuts
     D:5: 1042 daAuts
     D:2: 1031 daAuts
     D:4: 987 daAuts
     D:6: 751 daAuts
     D:1: 697 daAuts
     D:7: 640 daAuts
     D:8: 403 daAuts
